Lightning vs Panthers

Created - December-09-12 at 11:01

Goals
1 2 3 OT1 SO T
Lightning 1 0 0 0 1 2
Panthers 1 0 0 0 0 1
Shots
1 2 3 OT1 SO T
Lightning 5 13 13 1 3 32
Panthers 6 3 4 2 3 15

1st period

1. Lightning , Brent Seabrook 5 (Marek Zidlicky, Scott Hartnell) at 14:17 (PP)
2. Panthers , Tim Stapleton 5 (Johnny Oduya, Lee Stempniak) at 16:28

Penalties :
Tim Gleason (TBL) for High sticking (Minor) at 0:55, Tim Gleason (TBL) for Cross-checking (Minor) at 5:31, Johnny Oduya (FLA) for Hooking (Minor) at 12:27, Josh Gorges (TBL) for Roughing (Minor) at 17:46, Kyle Quincey (FLA) for Holding Stick (Minor) at 19:07

2nd period

No Goal

Penalties :
Tim Gleason (TBL) for Roughing (Minor) at 1:46, Jiri Hudler (FLA) for Tripping (Minor) at 8:53, Niklas Kronwall (FLA) for Boarding (Minor) at 12:43, Viktor Stalberg (FLA) for Roughing (Minor) at 13:46, Clarke MacArthur (FLA) for Tripping (Minor) at 17:15, Johnny Oduya (FLA) for Hooking (Minor) at 19:17

3rd period

No Goal

Penalties :
Daniel Alfredsson (FLA) for Interference (Minor) at 5:37, Dave Bolland (FLA) for Interference (Minor) at 10:16, Patrick Sharp (TBL) for Boarding (Minor) at 16:39

Overtime #1

No Goal

Penalties :
No Penalty

Shootout

Penalty Shot by Martin St. Louis for Lightning - Stopped by Tim Thomas
Penalty Shot by Jiri Hudler for Panthers - Stopped by Cory Schneider
Penalty Shot by Patrick Kane for Lightning - Stopped by Tim Thomas
Penalty Shot by Daniel Alfredsson for Panthers - Stopped by Cory Schneider
Penalty Shot by Patrick Sharp for Lightning - Goal!
Penalty Shot by Clarke MacArthur for Panthers - Stopped by Cory Schneider

Penalties :
No Penalty

Goalie Stats

Cory Schneider (TBL), 14 saves from 15 shots - (0.933), W, 12-1-0, 65:00 minutes
Tim Thomas (FLA), 31 saves from 32 shots - (0.969), OTL, 13-11-1, 65:00 minutes

Players Stats for Lightning

Player Name              G  A  P  +/- PIM S  H  SB GA TA FO     MP     PP MP  PK MP  
------------------------------------------------------------------------------------
Andrej Meszaros          0  0  0  -1  0   2  2  0  0  0  0/0    22:45   7:31   2:32 
Andrew Brunette          0  0  0   0  0   0  0  0  0  0  0/0     8:38   0:00   1:23 
Brent Seabrook           1  0  1   0  0   3  3  2  0  0  0/0    29:34   8:37   6:15 
Eric Nystrom             0  0  0   0  0   0  0  0  0  0  0/0     8:26   0:00   0:00 
Jaroslav Spacek          0  0  0   0  0   2  0  0  0  0  0/0    14:58   0:00   2:47 
Josh Gorges              0  0  0  -1  2   3  0  0  0  0  0/0    26:01   7:31   4:10 
Marek Zidlicky           0  1  1   0  0   2  0  0  0  0  0/0    23:03   8:37   0:30 
Martin Havlat            0  0  0   0  0   1  0  0  0  0  0/0    16:18   7:24   0:00 
Martin St. Louis         0  0  0  -1  0   5  0  0  0  0  0/1    20:56   8:44   0:00 
Mike Knuble              0  0  0   0  0   2  1  0  0  0  0/0     6:22   0:00   0:00 
Nick Spaling             0  0  0   0  0   2  0  0  0  0  3/5    10:52   0:00   4:30 
Patrick Kane             0  0  0  -1  0   2  0  0  0  0  18/36  26:34   8:44   4:47 
Patrick Sharp            0  0  0  -1  2   1  1  0  0  0  2/2    25:10   8:44   3:24 
Paul Stastny             0  0  0   0  0   2  0  1  0  0  11/20  16:43   7:24   0:00 
Scott Hartnell           0  1  1   0  0   2  1  0  0  0  0/0    16:18   7:24   0:00 
Teddy Purcell            0  0  0   0  0   2  0  0  0  0  1/2     8:26   0:00   0:00 
Tim Gleason              0  0  0   0  6   1  0  0  0  0  0/0    13:35   0:00   2:20 
Tomas Plekanec           0  0  0   0  0   0  0  0  0  0  3/12   15:21   0:00   4:30 

Players Stats for Panthers

Player Name              G  A  P  +/- PIM S  H  SB GA TA FO     MP     PP MP  PK MP  
------------------------------------------------------------------------------------
Andrew Cogliano          0  0  0   0  0   0  0  0  0  0  0/5    10:22   0:00   0:00 
Andy Greene              0  0  0   0  0   0  0  1  0  0  0/0    16:44   0:00   8:56 
Clarke MacArthur         0  0  0   0  2   0  2  0  0  0  0/0    13:57   4:02   2:14 
Colin Greening           0  0  0   0  0   1  2  0  0  0  0/0    12:08   0:00   1:08 
Craig Smith              0  0  0   0  0   0  0  1  0  0  2/3    12:27   0:00   1:31 
Daniel Alfredsson        0  0  0   0  2   4  0  1  0  0  2/3    19:16   5:15   6:00 
Dave Bolland             0  0  0   0  2   1  0  1  0  0  16/29  19:48   4:02   6:15 
Jiri Hudler              0  0  0   0  2   0  0  0  0  0  1/1    13:54   5:15   0:00 
Johnny Oduya             0  1  1   1  4   5  1  1  0  0  0/0    21:39   4:51   2:26 
Kevin Klein              0  0  0   0  0   0  1  1  0  0  0/0    23:51   0:00   7:33 
Kyle Quincey             0  0  0   1  2   1  4  4  0  0  0/0    25:28   4:50   6:10 
Lee Stempniak            0  1  1   1  0   0  2  0  0  0  0/0     7:44   0:00   0:00 
Luca Sbisa               0  0  0   0  0   1  0  0  0  0  0/0    14:17   4:26   0:12 
Niklas Kronwall          0  0  0   0  2   0  2  0  0  0  0/0    27:26   4:26   6:59 
Ryan Smyth               0  0  0   1  0   1  1  0  0  0  0/1    11:20   0:00   0:26 
Sam Gagner               0  0  0   0  0   0  1  0  0  0  13/25  23:28   5:15   7:10 
Tim Stapleton            1  0  1   1  0   1  0  0  0  0  6/10    7:44   0:00   0:00 
Viktor Stalberg          0  0  0   0  2   0  4  0  0  0  0/1    20:36   4:02   6:35 

3 Stars

1 - Tim Thomas (FLA)
2 - Brent Seabrook (TBL)
3 - Tim Stapleton (FLA)

Power Play

Lightning - 1 on 9 Attempt(s) - 11.11%
Panthers - 0 on 5 Attempt(s) - 0.00%

Penalty Kill

Lightning - 5 on 5 Attempt(s) - 100.00% - Score 0 goal in Penalty Kill
Panthers - 8 on 9 Attempt(s) - 88.89% - Score 0 goal in Penalty Kill

Official

Referees : Justin StPierre and Brad Watson
Linesman : Dan Schachte and Pierre Racicot

Game Notes

No Game Note

Finance

Level 1 -- Attendance: 5994 (99.90%) -- Ticket Income $569,430
Level 2 -- Attendance: 5000 (100.00%) -- Ticket Income $325,000
Level 3 -- Attendance: 3500 (100.00%) -- Ticket Income $175,000
Level 4 -- Attendance: 2954 (78.77%) -- Ticket Income $59,080
Luxury Box -- Attendance: 940 (94.00%) -- Ticket Income $164,500
Game was played at the BankAtlantic Center
Total Attendance: 18388 (95.52%)
Total Ticket Income: $1,293,010
Other Income: $193,952
Total Income: $1,486,962


% Time on Ice - Lightning

Lines # - Real PCT - Wanted PCT - Time Play
Normal Forward
1 - 30% - 35% - 10:15
2 - 26% - 30% - 8:54
3 - 25% - 25% - 8:26
4 - 19% - 10% - 6:22
Normal Defense
1 - 32% - 40% - 10:48
2 - 31% - 30% - 10:32
3 - 33% - 20% - 11:18
4 - 4% - 10% - 1:19
PP Forward
1 - 54% - 60% - 8:44
2 - 46% - 40% - 7:24
PP Defense
1 - 53% - 60% - 8:37
2 - 47% - 40% - 7:31
PK Forward
1 - 52% - 50% - 4:47
2 - 48% - 50% - 4:30
PK Defense
1 - 71% - 60% - 6:33
2 - 29% - 40% - 2:44
PK3 Forward
1 - 0% - 50%
2 - 0% - 50%
PK3 Defense
1 - 0% - 60%
2 - 0% - 40%
44 Forward
1 - 65% - 60% - 3:41
2 - 35% - 40% - 1:57
44 Defense
1 - 56% - 60% - 3:08
2 - 44% - 40% - 2:30
Last Minute Offensive  - 0:00
Last Minute Defensive  - 0:00
Total
Forward - 65:00
Defense - 65:00

% Time on Ice - Panthers

Lines # - Real PCT - Wanted PCT - Time Play
Normal Forward
1 - 24% - 33% - 8:09
2 - 23% - 32% - 7:42
3 - 31% - 25% - 10:22
4 - 23% - 10% - 7:44
Normal Defense
1 - 37% - 33% - 12:40
2 - 33% - 30% - 11:12
3 - 26% - 25% - 8:58
4 - 3% - 12% - 1:07
PP Forward
1 - 57% - 60% - 5:15
2 - 43% - 40% - 4:02
PP Defense
1 - 48% - 60% - 4:26
2 - 52% - 40% - 4:51
PK Forward
1 - 51% - 50% - 7:48
2 - 49% - 50% - 7:24
PK Defense
1 - 48% - 60% - 7:20
2 - 52% - 40% - 7:52
PK3 Forward
1 - 54% - 50% - 0:30
2 - 46% - 50% - 0:26
PK3 Defense
1 - 86% - 60% - 0:48
2 - 14% - 40% - 0:08
44 Forward
1 - 67% - 60% - 3:48
2 - 33% - 40% - 1:50
44 Defense
1 - 62% - 60% - 3:29
2 - 38% - 40% - 2:09
Last Minute Offensive  - 0:00
Last Minute Defensive  - 0:00
Total
Forward - 65:00
Defense - 65:00

Play by Play

1st period


0:01 of 1st period - Sam Gagner wins face-off versus Patrick Kane in neutral zone.
0:18 of 1st period - Shot by Martin St. Louis.
0:18 of 1st period - Stopped by Tim Thomas without a rebound.
0:19 of 1st period - Dave Bolland wins face-off versus Tomas Plekanec in Panthers zone.
0:24 of 1st period - Shot by Scott Hartnell.
0:24 of 1st period - Shot Misses the Net.
0:36 of 1st period - Shot by Scott Hartnell.
0:36 of 1st period - Shot Blocked by Kyle Quincey.
0:38 of 1st period - Shot by Josh Gorges.
0:38 of 1st period - Stopped by Tim Thomas without a rebound.
0:39 of 1st period - Paul Stastny wins face-off versus Andrew Cogliano in Panthers zone.
0:55 of 1st period - Minor Penalty to Tim Gleason for High sticking.
0:56 of 1st period - Jiri Hudler wins face-off versus Patrick Kane in Lightning zone.
1:18 of 1st period - Shot by Sam Gagner.
1:18 of 1st period - Deflect By Jiri Hudler.
1:18 of 1st period - Shot Blocked by Brent Seabrook.
1:20 of 1st period - Shot by Luca Sbisa.
1:20 of 1st period - Shot Misses the Net.
1:22 of 1st period - Shot by Niklas Kronwall.
1:22 of 1st period - Shot Misses the Net.
1:24 of 1st period - Shot by Jiri Hudler.
1:24 of 1st period - Shot Blocked by Brent Seabrook.
2:18 of 1st period - Shot by Clarke MacArthur.
2:18 of 1st period - Deflect By Dave Bolland.
2:18 of 1st period - Stopped by Cory Schneider without a rebound.
2:19 of 1st period - Daniel Alfredsson wins face-off versus Tomas Plekanec in Lightning zone.
2:47 of 1st period - Shot by Luca Sbisa.
2:47 of 1st period - Shot Misses the Net.
3:07 of 1st period - Shot by Andrew Cogliano.
3:07 of 1st period - Shot Blocked by Paul Stastny.
3:10 of 1st period - Icing by Tim Gleason.
3:11 of 1st period - Paul Stastny wins face-off versus Tim Stapleton in Lightning zone.
3:34 of 1st period - Shot by Lee Stempniak.
3:34 of 1st period - Shot Misses the Net.
3:37 of 1st period - Icing by Tim Gleason.
3:38 of 1st period - Teddy Purcell wins face-off versus Andrew Cogliano in Lightning zone.
3:51 of 1st period - Shot by Paul Stastny.
3:51 of 1st period - Stopped by Tim Thomas without a rebound.
3:52 of 1st period - Patrick Kane wins face-off versus Sam Gagner in Panthers zone.
5:22 of 1st period - Icing by Niklas Kronwall.
5:23 of 1st period - Nick Spaling wins face-off versus Dave Bolland in Panthers zone.
5:31 of 1st period - Minor Penalty to Tim Gleason for Cross-checking.
5:32 of 1st period - Patrick Kane wins face-off versus Dave Bolland in Lightning zone.
5:32 of 1st period - Patrick Kane is hit by Clarke MacArthur.
6:01 of 1st period - Shot by Johnny Oduya.
6:01 of 1st period - Stopped by Cory Schneider without a rebound.
6:02 of 1st period - Tomas Plekanec wins face-off versus Sam Gagner in Lightning zone.
6:13 of 1st period - Shot by Daniel Alfredsson.
6:13 of 1st period - Stopped by Cory Schneider without a rebound.
6:14 of 1st period - Sam Gagner wins face-off versus Tomas Plekanec in Lightning zone.
6:34 of 1st period - Daniel Alfredsson is hit by Andrej Meszaros and loses puck.
6:50 of 1st period - Icing by Jiri Hudler.
6:51 of 1st period - Sam Gagner wins face-off versus Patrick Kane in Panthers zone.
7:15 of 1st period - Off-side.
7:16 of 1st period - Dave Bolland wins face-off versus Tomas Plekanec in neutral zone.
7:33 of 1st period - Shot by Colin Greening.
7:33 of 1st period - Stopped by Cory Schneider with a rebound.
7:39 of 1st period - Shot by Jaroslav Spacek.
7:39 of 1st period - Shot Hit the Post.
8:34 of 1st period - Off-side.
8:35 of 1st period - Sam Gagner wins face-off versus Martin St. Louis in neutral zone.
9:54 of 1st period - Josh Gorges is hit by Clarke MacArthur and loses puck.
10:08 of 1st period - Martin Havlat is hit by Johnny Oduya and loses puck.
10:21 of 1st period - Shot by Scott Hartnell.
10:21 of 1st period - Shot Blocked by Dave Bolland.
10:44 of 1st period - Daniel Alfredsson is hit by Mike Knuble and loses puck.
10:59 of 1st period - Shot by Mike Knuble.
10:59 of 1st period - Shot Blocked by Johnny Oduya.
11:01 of 1st period - Shot by Nick Spaling.
11:01 of 1st period - Shot Misses the Net.
11:08 of 1st period - Mike Knuble is hit by Kyle Quincey and loses puck.
11:29 of 1st period - Shot by Paul Stastny.
11:29 of 1st period - Shot Blocked by Kyle Quincey.
11:54 of 1st period - Icing by Kyle Quincey.
11:55 of 1st period - Tomas Plekanec wins face-off versus Dave Bolland in Panthers zone.
12:27 of 1st period - Minor Penalty to Johnny Oduya for Hooking.
12:28 of 1st period - Patrick Kane wins face-off versus Sam Gagner in Panthers zone.
12:33 of 1st period - Shot by Martin St. Louis.
12:33 of 1st period - Stopped by Tim Thomas without a rebound.
12:34 of 1st period - Patrick Sharp wins face-off versus Sam Gagner in Panthers zone.
13:17 of 1st period - Niklas Kronwall is hit by Patrick Sharp.
14:13 of 1st period - Shot by Marek Zidlicky.
14:13 of 1st period - Shot Misses the Net.
14:15 of 1st period - Shot by Marek Zidlicky.
14:15 of 1st period - Shot Blocked by Andy Greene.
14:17 of 1st period - Shot by Brent Seabrook.
14:17 of 1st period - Goal by Brent Seabrook - Lightning : 1 - Panthers : 0.
14:18 of 1st period - Nick Spaling wins face-off versus Tim Stapleton in neutral zone.
16:08 of 1st period - Off-side.
16:09 of 1st period - Tim Stapleton wins face-off versus Patrick Kane in neutral zone.
16:28 of 1st period - Shot by Tim Stapleton.
16:28 of 1st period - Goal by Tim Stapleton - Lightning : 1 - Panthers : 1.
16:29 of 1st period - Paul Stastny wins face-off versus Andrew Cogliano in neutral zone.
17:30 of 1st period - Daniel Alfredsson is hit by Andrej Meszaros and loses puck.
17:46 of 1st period - Minor Penalty to Josh Gorges for Roughing.
17:47 of 1st period - Patrick Kane wins face-off versus Sam Gagner in Lightning zone.
17:47 of 1st period - Brent Seabrook is hit by Sam Gagner and loses puck.
17:52 of 1st period - Shot by Niklas Kronwall.
17:52 of 1st period - Shot Hit the Post.
18:28 of 1st period - Shot by Johnny Oduya.
18:28 of 1st period - Stopped by Cory Schneider without a rebound.
18:29 of 1st period - Patrick Kane wins face-off versus Dave Bolland in Lightning zone.
19:07 of 1st period - Minor Penalty to Kyle Quincey for Holding Stick.
19:08 of 1st period - Patrick Kane wins face-off versus Sam Gagner in Panthers zone.
19:44 of 1st period - Brent Seabrook is hit by Niklas Kronwall.
19:57 of 1st period - Icing by Josh Gorges.
19:58 of 1st period - Dave Bolland wins face-off versus Paul Stastny in Lightning zone.

2nd period


0:01 of 2nd period - Dave Bolland wins face-off versus Patrick Kane in neutral zone.
1:46 of 2nd period - Minor Penalty to Tim Gleason for Roughing.
1:47 of 2nd period - Tomas Plekanec wins face-off versus Daniel Alfredsson in Lightning zone.
2:09 of 2nd period - Shot by Daniel Alfredsson.
2:09 of 2nd period - Stopped by Cory Schneider without a rebound.
2:10 of 2nd period - Dave Bolland wins face-off versus Tomas Plekanec in Lightning zone.
2:13 of 2nd period - Shot by Clarke MacArthur.
2:13 of 2nd period - Shot Misses the Net.
2:23 of 2nd period - Shot by Niklas Kronwall.
2:23 of 2nd period - Shot Hit the Post.
2:45 of 2nd period - Shot by Clarke MacArthur.
2:45 of 2nd period - Shot Misses the Net.
3:21 of 2nd period - Shot by Patrick Sharp.
3:21 of 2nd period - Shot Misses the Net.
3:57 of 2nd period - Shot by Colin Greening.
3:57 of 2nd period - Shot Misses the Net.
4:05 of 2nd period - Shot by Niklas Kronwall.
4:05 of 2nd period - Shot Misses the Net.
4:52 of 2nd period - Icing by Andrew Cogliano.
4:53 of 2nd period - Craig Smith wins face-off versus Patrick Kane in Panthers zone.
5:33 of 2nd period - Shot by Johnny Oduya.
5:33 of 2nd period - Stopped by Cory Schneider with a rebound.
7:20 of 2nd period - Shot by Paul Stastny.
7:20 of 2nd period - Deflect By Teddy Purcell.
7:20 of 2nd period - Stopped by Tim Thomas with a rebound.
7:22 of 2nd period - Shot by Teddy Purcell.
7:22 of 2nd period - Shot Misses the Net.
7:24 of 2nd period - Shot by Paul Stastny.
7:24 of 2nd period - Shot Blocked by Kyle Quincey.
7:48 of 2nd period - Josh Gorges is hit by Colin Greening and loses puck.
8:53 of 2nd period - Minor Penalty to Jiri Hudler for Tripping.
8:54 of 2nd period - Paul Stastny wins face-off versus Dave Bolland in Panthers zone.
8:55 of 2nd period - Shot by Brent Seabrook.
8:55 of 2nd period - Stopped by Tim Thomas without a rebound.
8:56 of 2nd period - Paul Stastny wins face-off versus Dave Bolland in Panthers zone.
9:09 of 2nd period - Shot by Brent Seabrook.
9:09 of 2nd period - Stopped by Tim Thomas without a rebound.
9:10 of 2nd period - Sam Gagner wins face-off versus Patrick Kane in Panthers zone.
9:15 of 2nd period - Shot by Patrick Sharp.
9:15 of 2nd period - Stopped by Tim Thomas with a rebound.
10:03 of 2nd period - Andrej Meszaros is hit by Viktor Stalberg and loses puck.
10:10 of 2nd period - Shot by Martin Havlat.
10:10 of 2nd period - Stopped by Tim Thomas without a rebound.
10:11 of 2nd period - Dave Bolland wins face-off versus Paul Stastny in Panthers zone.
11:20 of 2nd period - Shot by Nick Spaling.
11:20 of 2nd period - Stopped by Tim Thomas without a rebound.
11:21 of 2nd period - Tim Stapleton wins face-off versus Patrick Kane in Panthers zone.
11:45 of 2nd period - Martin St. Louis is hit by Kevin Klein and loses puck.
12:13 of 2nd period - Icing by Niklas Kronwall.
12:14 of 2nd period - Tim Stapleton wins face-off versus Tomas Plekanec in Panthers zone.
12:23 of 2nd period - Andrej Meszaros is hit by Ryan Smyth and loses puck.
12:43 of 2nd period - Minor Penalty to Niklas Kronwall for Boarding.
12:44 of 2nd period - Dave Bolland wins face-off versus Patrick Kane in Panthers zone.
12:50 of 2nd period - Icing by Martin St. Louis.
12:51 of 2nd period - Patrick Kane wins face-off versus Dave Bolland in Lightning zone.
12:57 of 2nd period - Icing by Marek Zidlicky.
12:58 of 2nd period - Dave Bolland wins face-off versus Patrick Kane in Lightning zone.
13:46 of 2nd period - Minor Penalty to Viktor Stalberg for Roughing.
13:47 of 2nd period - Dave Bolland wins face-off versus Paul Stastny in Panthers zone.
14:22 of 2nd period - Shot by Andrej Meszaros.
14:22 of 2nd period - Stopped by Tim Thomas with a rebound.
14:24 of 2nd period - Shot by Josh Gorges.
14:24 of 2nd period - Stopped by Tim Thomas without a rebound.
14:25 of 2nd period - Patrick Kane wins face-off versus Ryan Smyth in Panthers zone.
14:44 of 2nd period - Shot by Marek Zidlicky.
14:44 of 2nd period - Stopped by Tim Thomas with a rebound.
14:58 of 2nd period - Shot by Patrick Kane.
14:58 of 2nd period - Stopped by Tim Thomas with a rebound.
15:55 of 2nd period - Shot by Jaroslav Spacek.
15:55 of 2nd period - Stopped by Tim Thomas with a rebound.
15:57 of 2nd period - Shot by Jaroslav Spacek.
15:57 of 2nd period - Shot Misses the Net.
15:59 of 2nd period - Shot by Mike Knuble.
15:59 of 2nd period - Shot Misses the Net.
16:01 of 2nd period - Shot by Jaroslav Spacek.
16:01 of 2nd period - Stopped by Tim Thomas without a rebound.
16:02 of 2nd period - Tim Stapleton wins face-off versus Paul Stastny in Panthers zone.
16:09 of 2nd period - Shot by Ryan Smyth.
16:09 of 2nd period - Shot Misses the Net.
16:11 of 2nd period - Shot by Johnny Oduya.
16:11 of 2nd period - Stopped by Cory Schneider without a rebound.
16:12 of 2nd period - Sam Gagner wins face-off versus Nick Spaling in Lightning zone.
16:21 of 2nd period - Shot by Jiri Hudler.
16:21 of 2nd period - Shot Misses the Net.
17:08 of 2nd period - Icing by Tim Gleason.
17:09 of 2nd period - Dave Bolland wins face-off versus Patrick Kane in Lightning zone.
17:15 of 2nd period - Minor Penalty to Clarke MacArthur for Tripping.
17:16 of 2nd period - Patrick Kane wins face-off versus Dave Bolland in Panthers zone.
17:16 of 2nd period - Patrick Kane is hit by Kyle Quincey.
17:49 of 2nd period - Icing by Patrick Sharp.
17:50 of 2nd period - Patrick Kane wins face-off versus Dave Bolland in Lightning zone.
17:52 of 2nd period - Icing by Martin St. Louis.
17:53 of 2nd period - Patrick Kane wins face-off versus Dave Bolland in Lightning zone.
18:35 of 2nd period - Shot by Scott Hartnell.
18:35 of 2nd period - Stopped by Tim Thomas without a rebound.
18:36 of 2nd period - Sam Gagner wins face-off versus Paul Stastny in Panthers zone.
18:36 of 2nd period - Sam Gagner is hit by Scott Hartnell.
19:16 of 2nd period - Shot by Scott Hartnell.
19:16 of 2nd period - Shot Misses the Net.
19:17 of 2nd period - Minor Penalty to Johnny Oduya for Hooking.
19:18 of 2nd period - Sam Gagner wins face-off versus Patrick Kane in Panthers zone.

3rd period


0:01 of 3rd period - Dave Bolland wins face-off versus Patrick Kane in neutral zone.
0:26 of 3rd period - Shot by Brent Seabrook.
0:26 of 3rd period - Shot Misses the Net.
0:28 of 3rd period - Shot by Brent Seabrook.
0:28 of 3rd period - Shot Misses the Net.
0:36 of 3rd period - Shot by Martin St. Louis.
0:36 of 3rd period - Stopped by Tim Thomas without a rebound.
0:37 of 3rd period - Paul Stastny wins face-off versus Viktor Stalberg in Panthers zone.
1:05 of 3rd period - Icing by Scott Hartnell.
1:06 of 3rd period - Paul Stastny wins face-off versus Dave Bolland in Lightning zone.
1:06 of 3rd period - Paul Stastny is hit by Viktor Stalberg.
1:12 of 3rd period - Shot by Andrej Meszaros.
1:12 of 3rd period - Shot Misses the Net.
1:14 of 3rd period - Shot by Josh Gorges.
1:14 of 3rd period - Stopped by Tim Thomas without a rebound.
1:15 of 3rd period - Patrick Sharp wins face-off versus Sam Gagner in Panthers zone.
1:33 of 3rd period - Icing by Colin Greening.
1:34 of 3rd period - Craig Smith wins face-off versus Tomas Plekanec in Panthers zone.
2:02 of 3rd period - Scott Hartnell is hit by Colin Greening and loses puck.
2:08 of 3rd period - Icing by Andrej Meszaros.
2:09 of 3rd period - Sam Gagner wins face-off versus Tomas Plekanec in Lightning zone.
3:24 of 3rd period - Shot by Martin St. Louis.
3:24 of 3rd period - Shot Misses the Net.
3:32 of 3rd period - Shot by Patrick Kane.
3:32 of 3rd period - Stopped by Tim Thomas without a rebound.
3:33 of 3rd period - Paul Stastny wins face-off versus Andrew Cogliano in Panthers zone.
3:46 of 3rd period - Shot by Eric Nystrom.
3:46 of 3rd period - Deflect By Teddy Purcell.
3:46 of 3rd period - Stopped by Tim Thomas without a rebound.
3:47 of 3rd period - Tim Stapleton wins face-off versus Nick Spaling in Panthers zone.
4:59 of 3rd period - Patrick Sharp is hit by Niklas Kronwall and loses puck.
5:37 of 3rd period - Minor Penalty to Daniel Alfredsson for Interference.
5:38 of 3rd period - Dave Bolland wins face-off versus Paul Stastny in Panthers zone.
6:37 of 3rd period - Brent Seabrook is hit by Viktor Stalberg.
6:59 of 3rd period - Icing by Patrick Sharp.
7:00 of 3rd period - Patrick Kane wins face-off versus Sam Gagner in Lightning zone.
7:35 of 3rd period - Shot by Paul Stastny.
7:35 of 3rd period - Shot Blocked by Kyle Quincey.
7:39 of 3rd period - Shot by Jaroslav Spacek.
7:39 of 3rd period - Shot Misses the Net.
8:11 of 3rd period - Shot by Mike Knuble.
8:11 of 3rd period - Stopped by Tim Thomas without a rebound.
8:12 of 3rd period - Tim Stapleton wins face-off versus Teddy Purcell in Panthers zone.
8:16 of 3rd period - Niklas Kronwall is hit by Brent Seabrook and loses puck.
8:54 of 3rd period - Icing by Niklas Kronwall.
8:55 of 3rd period - Patrick Kane wins face-off versus Tim Stapleton in Panthers zone.
9:20 of 3rd period - Patrick Kane is hit by Kyle Quincey and loses puck.
10:08 of 3rd period - Scott Hartnell is hit by Viktor Stalberg and loses puck.
10:16 of 3rd period - Minor Penalty to Dave Bolland for Interference.
10:17 of 3rd period - Daniel Alfredsson wins face-off versus Paul Stastny in Panthers zone.
10:52 of 3rd period - Shot by Brent Seabrook.
10:52 of 3rd period - Deflect By Paul Stastny.
10:52 of 3rd period - Stopped by Tim Thomas with a rebound.
10:54 of 3rd period - Shot by Brent Seabrook.
10:54 of 3rd period - Shot Misses the Net.
11:26 of 3rd period - Shot by Martin St. Louis.
11:26 of 3rd period - Stopped by Tim Thomas with a rebound.
11:28 of 3rd period - Shot by Andrej Meszaros.
11:28 of 3rd period - Stopped by Tim Thomas without a rebound.
11:29 of 3rd period - Sam Gagner wins face-off versus Paul Stastny in Panthers zone.
11:42 of 3rd period - Shot by Scott Hartnell.
11:42 of 3rd period - Shot Misses the Net.
11:44 of 3rd period - Shot by Brent Seabrook.
11:44 of 3rd period - Deflect By Scott Hartnell.
11:44 of 3rd period - Shot Blocked by Kevin Klein.
11:46 of 3rd period - Shot by Brent Seabrook.
11:46 of 3rd period - Shot Misses the Net.
11:48 of 3rd period - Shot by Paul Stastny.
11:48 of 3rd period - Shot Misses the Net.
11:50 of 3rd period - Shot by Brent Seabrook.
11:50 of 3rd period - Shot Blocked by Daniel Alfredsson.
11:52 of 3rd period - Shot by Scott Hartnell.
11:52 of 3rd period - Stopped by Tim Thomas without a rebound.
11:53 of 3rd period - Patrick Kane wins face-off versus Craig Smith in Panthers zone.
11:58 of 3rd period - Shot by Andrej Meszaros.
11:58 of 3rd period - Shot Misses the Net.
12:45 of 3rd period - Shot by Tim Gleason.
12:45 of 3rd period - Stopped by Tim Thomas without a rebound.
12:46 of 3rd period - Paul Stastny wins face-off versus Andrew Cogliano in Panthers zone.
13:48 of 3rd period - Shot by Andrej Meszaros.
13:48 of 3rd period - Shot Blocked by Craig Smith.
14:04 of 3rd period - Shot by Patrick Sharp.
14:04 of 3rd period - Deflect By Martin St. Louis.
14:04 of 3rd period - Shot Misses the Net.
14:50 of 3rd period - Shot by Scott Hartnell.
14:50 of 3rd period - Shot Misses the Net.
15:33 of 3rd period - Scott Hartnell is hit by Kyle Quincey and loses puck.
15:55 of 3rd period - Icing by Marek Zidlicky.
15:56 of 3rd period - Paul Stastny wins face-off versus Tim Stapleton in Lightning zone.
15:56 of 3rd period - Paul Stastny is hit by Lee Stempniak.
16:12 of 3rd period - Brent Seabrook is hit by Lee Stempniak.
16:18 of 3rd period - Shot by Marek Zidlicky.
16:18 of 3rd period - Stopped by Tim Thomas without a rebound.
16:19 of 3rd period - Nick Spaling wins face-off versus Sam Gagner in Panthers zone.
16:22 of 3rd period - Shot by Andrej Meszaros.
16:22 of 3rd period - Deflect By Mike Knuble.
16:22 of 3rd period - Stopped by Tim Thomas with a rebound.
16:36 of 3rd period - Shot by Nick Spaling.
16:36 of 3rd period - Stopped by Tim Thomas without a rebound.
16:37 of 3rd period - Patrick Kane wins face-off versus Dave Bolland in Panthers zone.
16:39 of 3rd period - Minor Penalty to Patrick Sharp for Boarding.
16:40 of 3rd period - Sam Gagner wins face-off versus Patrick Kane in Lightning zone.
16:48 of 3rd period - Jiri Hudler is hit by Brent Seabrook.
16:54 of 3rd period - Shot by Kyle Quincey.
16:54 of 3rd period - Shot Misses the Net.
16:56 of 3rd period - Shot by Kyle Quincey.
16:56 of 3rd period - Stopped by Cory Schneider with a rebound.
16:58 of 3rd period - Shot by Johnny Oduya.
16:58 of 3rd period - Stopped by Cory Schneider without a rebound.
16:59 of 3rd period - Dave Bolland wins face-off versus Tomas Plekanec in Lightning zone.
17:02 of 3rd period - Shot by Clarke MacArthur.
17:02 of 3rd period - Shot Misses the Net.
17:04 of 3rd period - Shot by Luca Sbisa.
17:04 of 3rd period - Stopped by Cory Schneider without a rebound.
17:05 of 3rd period - Patrick Kane wins face-off versus Sam Gagner in Lightning zone.
17:35 of 3rd period - Icing by Niklas Kronwall.
17:36 of 3rd period - Patrick Kane wins face-off versus Sam Gagner in Panthers zone.
17:56 of 3rd period - Shot by Daniel Alfredsson.
17:56 of 3rd period - Stopped by Cory Schneider without a rebound.
17:57 of 3rd period - Dave Bolland wins face-off versus Patrick Kane in Lightning zone.
18:18 of 3rd period - Shot by Clarke MacArthur.
18:18 of 3rd period - Shot Misses the Net.
18:33 of 3rd period - Dave Bolland is hit by Brent Seabrook and loses puck.
19:38 of 3rd period - Off-side.
19:39 of 3rd period - Sam Gagner wins face-off versus Paul Stastny in neutral zone.
19:43 of 3rd period - Off-side.
19:44 of 3rd period - Patrick Kane wins face-off versus Dave Bolland in neutral zone.

Overtime #1


0:01 of 1st overtime period - Sam Gagner wins face-off versus Patrick Kane in neutral zone.
0:24 of 1st overtime period - Shot by Ryan Smyth.
0:24 of 1st overtime period - Stopped by Cory Schneider with a rebound.
1:04 of 1st overtime period - Shot by Martin St. Louis.
1:04 of 1st overtime period - Stopped by Tim Thomas without a rebound.
1:05 of 1st overtime period - Dave Bolland wins face-off versus Patrick Kane in Panthers zone.
3:22 of 1st overtime period - Shot by Daniel Alfredsson.
3:22 of 1st overtime period - Stopped by Cory Schneider without a rebound.
3:23 of 1st overtime period - Dave Bolland wins face-off versus Patrick Kane in Lightning zone.
3:32 of 1st overtime period - Shot by Viktor Stalberg.
3:32 of 1st overtime period - Shot Misses the Net.
4:19 of 1st overtime period - Icing by Josh Gorges.
4:20 of 1st overtime period - Paul Stastny wins face-off versus Sam Gagner in Lightning zone.

ShootOut


5:00 of 1st overtime period - Penalty Shot by Martin St. Louis for Lightning.
5:00 of 1st overtime period - Stopped by Tim Thomas.
5:00 of 1st overtime period - Penalty Shot by Jiri Hudler for Panthers.
5:00 of 1st overtime period - Stopped by Cory Schneider.
5:00 of 1st overtime period - Penalty Shot by Patrick Kane for Lightning.
5:00 of 1st overtime period - Stopped by Tim Thomas.
5:00 of 1st overtime period - Penalty Shot by Daniel Alfredsson for Panthers.
5:00 of 1st overtime period - Stopped by Cory Schneider.
5:00 of 1st overtime period - Penalty Shot by Patrick Sharp for Lightning.
5:00 of 1st overtime period - Goal by Patrick Sharp.
5:00 of 1st overtime period - Penalty Shot by Clarke MacArthur for Panthers.
5:00 of 1st overtime period - Stopped by Cory Schneider.


Output by the SimonT Hockey Simulator (STHS) for Stephane Roy -- Original Page W3C XHTML 1.0 Valid
Hockey Simulator - Hockey Simulation - Hockey Manager